 Dungeon Crawl Stone Soup version 0.25-a0-719-gde951dc (webtiles) character file.

Game seed: 4645977648090550314, levelgen mode: deterministic

58 BlueFish the Magician (level 3, -1/26 HPs)
             Began as a Mummy Wizard on Apr 6, 2020.
             Slain by a gnoll
             ... wielding a +0 spear
              (2 damage)
             ... on level 2 of the Dungeon.
             The game lasted 00:06:46 (2221 turns).

BlueFish the Magician (Mummy Wizard)                Turns: 2221, Time: 00:06:47

Health: -1/26      AC:  5    Str: 10    XL:     3   Next: 76%
Magic:  3/9        EV: 12    Int: 18    God:
Gold:   97         SH:  0    Dex: 10    Spells: 1/11 levels left

rFire    x . .     SeeInvis .   c - +0 spear (vamp)
rCold    + . .     Gourm    .   (no shield)
rNeg     + + +     Faith    .   a - +0 robe
rPois    ∞         Spirit   .   b - +0 hat
rElec    .         Reflect  .   (no cloak)
rCorr    .         Harm     .   (no gloves)
MR       .....                  g - +2 pair of boots
Stlth    ++........             (no amulet)
HPRegen  0.08/turn              (no ring)
MPRegen  0.11/turn              (no ring)

@: no status effects
A: no food or potions, fire vulnerability, cold resistance 1, negative energy
resistance 3, torment resistance, unbreathing
a: no special abilities


You were on level 2 of the Dungeon.
You were not hungry.

You visited 1 branch of the dungeon, and saw 2 of its levels.

You collected 97 gold pieces.

Inventory:

Hand Weapons
 c - a +0 vampiric spear (weapon)
Armour
 a - a +0 robe (worn)
 b - a +0 hat (worn)
 g - a +2 pair of boots (worn)
Scrolls
 d - a scroll of fear {unknown}
 e - a scroll of identify
 f - a scroll of noise
 h - a scroll of remove curse {unknown}


   Skills:
 * Level 1.4 Fighting
   Level 0.1 Maces & Flails
 * Level 2.1 Dodging
 * Level 1.7 Stealth
 + Level 0.2 Unarmed Combat
 * Level 4.9 Spellcasting
 + Level 0.8 Conjurations
 + Level 0.7 Summonings
 + Level 0.7 Translocations


You had one spell level left.
You knew the following spells:

 Your Spells              Type           Power        Failure   Level  Hunger
a - Magic Dart            Conj           #...         10%         1    N/A
b - Blink                 Tloc           N/A          16%         2    N/A
c - Call Imp              Summ           #.......     16%         2    N/A
d - Slow                  Hex            #.......     21%         2    N/A
e - Mephitic Cloud        Conj/Pois/Air  #.......     34%         3    N/A

Your spell library contained the following spells:

 Spells                   Type           Power        Failure   Level  Hunger
 Conjure Flame            Conj/Fire      #.......     32%         3    N/A

Dungeon Overview and Level Annotations

Branches:
Dungeon (2/15)

Altars:
Ashenzari


Innate Abilities, Weirdness & Mutations

You do not eat or drink.
Your flesh is vulnerable to fire.
You are immune to poison.
Your flesh is cold resistant. (rC+)
You are immune to negative energy. (rN+++)
You are immune to unholy pain and torment.
You can survive without breathing.


Message History

Aim: a gnoll, wielding a +0 spear You reach to attack!
You barely miss the gnoll.
Your shadow imp misses the gnoll.
The gnoll hits you from afar with a +0 spear!
Attack whom?
Press: ? - help, Dir - move target cursor, f/p - gnoll
Aim: a gnoll, wielding a +0 spear You reach to attack!
You hit the gnoll but do no damage. The gnoll barely misses you.
Attack whom?
Press: ? - help, Dir - move target cursor, f/p - gnoll
Aim: a gnoll, wielding a +0 spear You reach to attack!
You hit the gnoll but do no damage.
Your crimson imp closely misses the gnoll.
The gnoll hits you from afar with a +0 spear!
* * * LOW HITPOINT WARNING * * *
Your shadow imp hits the gnoll.
Your crimson imp closely misses the gnoll.
The gnoll hits you from afar with a +0 spear.
You die...

##. . .. #..
♣....# #..
♣.♣...#
#####..♣._.♣..#
#.......♣.♣...#
......!.5♣.)..#
........5g....#
........5#
.<....#@##
..... #.# #...
#.# ### ##. #.#
.<# #.##
#.########.#
..#
#........#.# ##
w.#
########.#.# ..
[.# #.#.#######
#. #.#
#..........


You could see a gnoll, a friendly crimson imp, a friendly white imp and a
friendly shadow imp.

Vanquished Creatures
  An adder (D:2)
  2 dart slugs (D:1)
  A ball python (D:2)
  6 bats
  5 goblins (D:1)
  3 hobgoblins (D:1)
  7 kobolds
  4 rats
29 creatures vanquished.

Vanquished Creatures (collateral kills)
  2 gnolls (D:2)
  A worm (D:2)
  A giant cockroach (D:2)
  A hobgoblin (D:1)
  A rat (D:1)
6 creatures vanquished.

Grand Total: 35 creatures vanquished

Notes
Turn   | Place    | Note
-------+----------+-------------------------------------------
     0 | D:1      | BlueFish the Mummy Wizard began the quest for the Orb.
     0 | D:1      | Reached XP level 1. HP: 13/13 MP: 5/5
   517 | D:1      | Reached XP level 2. HP: 15/20 MP: 0/7
   521 | D:1      | Learned a level 2 spell: Blink
   524 | D:1      | Learned a level 2 spell: Call Imp
   527 | D:1      | Learned a level 2 spell: Slow
   647 | D:1      | Reached skill level 1 in Fighting
  1423 | D:1      | Reached XP level 3. HP: 26/26 MP: 5/9
  1428 | D:1      | Learned a level 3 spell: Mephitic Cloud
  1857 | D:2      | Found a shattered altar of Ashenzari.
  1886 | D:2      | HP: 1/26 [adder (5)]
  2202 | D:2      | Found a faded altar of an unknown god.
  2220 | D:2      | HP: 1/26 [gnoll/+0 spear (8)]
  2221 | D:2      | Slain by a gnoll

Levels and vault maps discovered:
D:1:      dpeg_arrival_leaves_temple_mockup, layout_basic
D:2:      layout_loops_ring, lemuel_crystal_altar,
          grunt_dithmenos_smoke_and_mirrors, nicolae_qazlal_style_of_elements,
          amethyst_overflow_temple_binary,
          chequers_ecumenical_altar_simple_redux

Skill      XL: |  1  2  3 |
---------------+----------+-----
Fighting       | 1 |  1.4
Dodging        | 2 |  2.1
Maces & Flails | |  0.1
Stealth        | |  1.7
Unarmed Combat | |  0.2
Spellcasting   | |  4.9
Conjurations   | |  0.8
Summonings     | |  0.7
Translocations | |  0.7

Action                   || total
-------------------------++-------
Melee: Unarmed           ||    11
       Whip              ||    12
       Spear             ||    31
 Cast: Magic Dart        ||    67
       Call Imp          ||     8
  Use: Scroll            ||     2
Armor: Robe              ||    12
Dodge: Dodged            ||    39

Table legend:
 A = Non-vault XP
 B = Vault XP
 C = Vault XP percentage of total XP
 D = Non-vault monster count
 E = Vault monster count
 F = Vault count percentage of total count
                 A         B        C        D         E       F
            +---------+---------+-------+---------+---------+-------
      Total |      84 |       0 |   0.0 |      35 |       0 |   0.0
            +---------+---------+-------+---------+---------+-------
        D:1 |      42 |       0 |   0.0 |      23 |       0 |   0.0
        D:2 |      42 |       0 |   0.0 |      12 |       0 |   0.0
            +---------+---------+-------+---------+---------+-------
